 Dungeon Crawl Stone Soup version 0.21-a0-179-gd2bfb5f (webtiles) character file.

474801 aurelian the Spry (level 23, -2/215 HPs)
             Began as a Red Draconian Skald on Aug 7, 2017.
             Was the Champion of Okawaru.
             Slain by a spriggan defender
             ... wielding a +1 demon whip of venom
              (31 damage)
             ... on level 4 of the Depths on Aug 10, 2017.
             The game lasted 04:48:23 (74065 turns).

aurelian the Spry (Red Draconian Skald)            Turns: 74065, Time: 04:48:25

Health: -2/215     AC: 21    Str: 20    XL:     23   Next: 60%
Magic:  30/37      EV: 38    Int: 18    God:    Okawaru [******]
Gold:   3109       SH:  0    Dex: 24    Spells: 3/42 levels left

rFire    + . .     SeeInvis +   a - +7 glaive of Subterfuge {speed, +Inv Dex+3 SInv}
rCold    + + +     Gourm    +   (shield currently unavailable)
rNeg     + + .     Faith    .   (armour unavailable)
rPois    .         Spirit   .   B - +2 hat {SInv}
rElec    .         Reflect  .   i - +1 cloak of Watchfulness {rC+++ rN++ MR+}
rCorr    .         Harm     .   z - +2 pair of gloves {Str+3}
MR       +++..                  x - +2 pair of boots {Fly}
Stlth    +++++.....             R - amulet of the gourmand
HPRegen  0.45/turn              Q - +5 ring of slaying
MPRegen  0.25/turn              w - ring "Qydem" {MR+ Int+3 Slay+3}

@: agile, lethally poisoned (-2 -> -9), flying
A: breathe fire, unfitting armour, antennae 1, see invisible, dopey 1, fire
resistance 1, strong 1, wild magic 1, cold-blooded, AC +11
}: 2/15 runes: barnacled, gossamer
a: Breathe Fire, Heroism, Finesse, Renounce Religion, Evoke Invisibility, Stop
Flying


You were on level 4 of the Depths.
You worshipped Okawaru.
Okawaru was exalted by your worship.
You were very full.

You visited 10 branches of the dungeon, and saw 45 of its levels.
You also visited: Labyrinth, Sewer, Bailey and Wizlab.

You collected 5516 gold pieces.
You spent 2407 gold pieces at shops.

Inventory:

Hand Weapons
 a - the +7 glaive of Subterfuge (weapon) {speed, +Inv Dex+3 SInv}
   (Okawaru gifted it to you on level 2 of the Lair of Beasts)

   Attacks with this weapon are significantly faster.
   It affects your dexterity (+3).
   It lets you see invisible.
   It lets you turn invisible.
 g - the +10 halberd "Tuzinox" {freeze, rC+ Dex+4}
   (Okawaru gifted it to you on level 15 of the Dungeon)

   It has been specially enchanted to freeze those struck by it, causing extra
   injury to most foes and up to half again as much damage against particularly
   susceptible opponents.
   It can also slow down cold-blooded creatures.
   It affects your dexterity (+4).
   It protects you from cold.
 p - the +0 halberd of Dissent {holy, rF- rC- Str+2 Int+7, unknown}
   (You found it on level 3 of the Elven Halls)

   It has been blessed by the Shining One to cause great damage to the undead
   and demons.
   It affects your strength (+2).
   It affects your intelligence (+7).
   It makes you vulnerable to fire.
   It makes you vulnerable to cold.
 W - a +5 bardiche of flaming
Missiles
 P - 29 tomahawks of returning (quivered)
Armour
 i - the +1 cloak of Watchfulness (worn) {rC+++ rN++ MR+}
   (You found it in a wizard's laboratory)

   It renders you almost immune to cold.
   It greatly protects you from negative energy.
   It affects your resistance to hostile enchantments.
 l - the scarf "Vaqo" {rPois rF+ rCorr SInv}
   (Okawaru gifted it to you on level 3 of the Spider Nest)

   It protects you from fire.
   It protects you from poison.
   It lets you see invisible.
   It protects you from acid and corrosion.
 x - a +2 pair of boots of flying (worn)
 z - a +2 pair of gloves of strength (worn)
 A - the +1 pair of gloves of Sunlight {rPois rF- rN+ Slay+6}
   (Okawaru gifted it to you on level 3 of the Depths)

   It affects your accuracy and damage with ranged weapons and melee attacks
   (+6).
   It makes you vulnerable to fire.
   It protects you from poison.
   It protects you from negative energy.
 B - a +2 hat of see invisible (worn)
 D - the +0 pair of gloves of Valour {rN+ Str+3}
   (Okawaru gifted it to you on level 1 of the Vaults)

   It affects your strength (+3).
   It protects you from negative energy.
 U - the +0 pair of boots "Doloech" {rPois}
   (Okawaru gifted it to you on level 1 of the Lair of Beasts)

   It protects you from poison.
Jewellery
 e - the amulet "Vomyah Assikh" {+Rage rF+}
   (You took it off a deep elf master archer on level 3 of the Elven Halls)

   [amulet of rage]

   It protects you from fire.
   It lets you go berserk.
 f - the ring "Isitz" {rElec rN+ EV+1}
   (You took it off a minotaur in a labyrinth)

   [ring of evasion]

   It affects your evasion (+1).
   It insulates you from electricity.
   It protects you from negative energy.
 n - an uncursed ring of resist corrosion
 r - an uncursed ring of positive energy
 w - the ring "Qydem" (right hand) {MR+ Int+3 Slay+3}
   (You found it on level 3 of the Depths)

   [ring of protection from magic]

   It affects your intelligence (+3).
   It affects your accuracy and damage with ranged weapons and melee attacks
   (+3).
   It affects your resistance to hostile enchantments.
 H - a +6 ring of evasion
 L - a +6 ring of strength
 O - an uncursed ring of protection from fire
 Q - a +5 ring of slaying (left hand)
 R - an amulet of the gourmand (around neck)
 Y - the ring "Sezunwimuu" {+Blink rC++ Str+5 Dex-2}
   (You acquired it on level 1 of the Vaults)

   [ring of strength]

   It affects your strength (+5).
   It affects your dexterity (-2).
   It greatly protects you from cold.
   It lets you blink.
Wands
 d - a wand of scattershot (5/9)
 v - a wand of iceblast (8/15)
 E - a wand of digging (5/24)
 I - a wand of digging (24/24)
 K - a wand of clouds (4/9)
Scrolls
 j - 6 scrolls of recharging
 m - 7 scrolls of enchant armour
 o - a scroll of amnesia
 q - 7 scrolls of fear
 F - 3 scrolls of fog
 G - 3 scrolls of magic mapping
 J - 5 scrolls of blinking
 M - 2 scrolls of identify
 V - 11 scrolls of remove curse
 Z - 18 scrolls of teleportation
Potions
 h - 2 potions of haste
 k - 12 potions of curing
 s - 4 potions of might
 u - 2 potions of agility
 C - 2 potions of resistance
 S - 10 potions of invisibility
 T - 3 potions of cancellation
 X - 8 potions of heal wounds
Books
 y - a book of the Sky

   Spells                             Type                      Level
   a - Summon Lightning Spire         Summoning/Air                4
   b - Silence                        Hexes/Air                    5
   c - Deflect Missiles               Charms/Air                   6
   d - Conjure Ball Lightning         Conjuration/Air              6
   e - Tornado                        Air                          9
Comestibles
 b - 22 royal jellies
 c - 28 bread rations
 t - 23 meat rations


   Skills:
 + Level 19.7 Fighting
 - Level 20.3 Polearms
 - Level 3.3 Throwing
 + Level 20.6 Dodging
 - Level 8.3 Stealth
 - Level 10.0 Spellcasting
 - Level 4.3 Hexes
 * Level 11.1 Charms
 - Level 7.3 Summonings
 - Level 3.0 Necromancy
 - Level 3.1 Translocations
 * Level 12.5 Air Magic
 - Level 4.0 Invocations


You had 3 spell levels left.
You knew the following spells:

 Your Spells              Type           Power        Failure   Level  Hunger
a - Infusion              Chrm           ####         1%          1    None
b - Song of Slaying       Chrm           ######..     1%          2    None
c - Ozocubu's Armour      Chrm/Ice       #####...     4%          3    None
d - Shroud of Golubria    Chrm/Tloc      #####.....   1%          2    None
e - Spectral Weapon       Hex/Chrm       #####...     2%          3    None
f - Regeneration          Chrm/Necr      #####.....   2%          3    None
g - Summon Small Mammal   Summ           ####         1%          1    None
h - Blink                 Tloc           N/A          5%          2    None
i - Summon Lightning Spi  Summ/Air       ######..     2%          4    ###....
j - Swiftness             Chrm/Air       ######..     1%          2    None
k - Deflect Missiles      Chrm/Air       ######....   14%         6    ######.
l - Silence               Hex/Air        ######....   11%         5    #####..
m - Summon Mana Viper     Hex/Summ       #####...     28%         5    #####..


Dungeon Overview and Level Annotations

Branches:
Dungeon (15/15)            Temple (1/1) D:5            Lair (6/6) D:10
 Shoals (4/4) Lair:2       Spider (4/4) Lair:3        Slime (2/5) Lair:5
    Orc (2/2) D:9             Elf (3/3) Orc:2        Vaults (4/5) D:14
  Crypt (0/3) Vaults:3     Depths (4/5) D:15

Altars:
Ashenzari
Cheibriados
Dithmenos
Elyvilon
Fedhas
Gozag
Hepliaklqana
Kikubaaqudgha
Makhleb
Nemelex Xobeh
Okawaru
Qazlal
Ru
Sif Muna
Trog
Uskayaw
Vehumet
Wu Jian
Xom
Yredelemnul
Zin
The Shining One
Beogh
Lugonu

Shops:
D:7 [   D:13 *(   Orc:1 (   Orc:2 (![[*   Elf:1 %   Elf:3 =}=   Vaults:1 *
Vaults:4 !   Depths:2 *

Portals:
Hell: Depths:1 Depths:2 Depths:3
Abyss: Depths:2 Depths:3 Depths:4
Pandemonium: Depths:1
Ziggurat: Depths:3

Annotations:
D:5 exclusion: downstairs
Lair:1 exclusion: 2 oklob plants
Elf:2 3 runed doors
Depths:3 exclusion: 2 orange crystal statues


Innate Abilities, Weirdness & Mutations

You can breathe blasts of fire.
Your fiery red scales are hard. (AC +11)
You cannot fit into any form of body armour.
Your flesh is heat resistant. (rF+)
You are cold-blooded and may be slowed by cold attacks.
You have a pair of small antennae on your head.
You have supernaturally acute eyesight. (SInv)
You are dopey. (Int -2)
Your muscles are strong. (Str +2)
Your spells are a little harder to cast, but a little more powerful.


Message History

Your lightning spire disappears in a puff of smoke!
The red devil hops backward while attacking.
The red devil closely misses you.
The spriggan rider hits you from afar with a spear of venom!
* * * LOW HITPOINT WARNING * * *
You are poisoned.
The spriggan defender completely misses you.
You feel agile all of a sudden.
You feel sick. The spriggan defender misses you.
The spriggan rider completely misses you.
The red devil closely misses you.
The spriggan defender completely misses you.
A smoke demon comes into view.
You barely miss the spriggan defender.
Your tail-slap misses the spriggan defender.
The spriggan defender is almost dead.
You feel sick.
The spriggan rider completely misses you.
The spriggan defender hits you with a demon whip of venom!!
You die...

## #≈≈≈≈#≈≈≈...≈≈ . ##.
#≈#≈≈≈#..P≈≈≈#
.#.##..####≈≈##!≈≈≈≈≈≈≈≈
..#C......#≈≈≈#!≈≈≈≈###≈
..........#≈≈≈≈≈#≈≈≈≈≈≈≈
..........##############
........4..............
#.i##3(.###..........
#8i@(### #.##†......
###### ####....)..
#..###.. #..##...
#.##.... ###.....
##....# ##..##..
#..##...


You could see a spriggan defender, a spriggan rider, a smoke demon, a red devil
and a friendly lightning spire.

Vanquished Creatures
  An ancient lich (Depths:3)
  Bai Suzhen (Depths:2)
  Arachne (Spider:3)
  Rupert (Lair:3)
  2 tentacled monstrosities
  A lich (Depths:3)
  Asterion (Depths:1)
  3 deep elf master archers (Elf:3)
  The ghost of plsesad the Severer, an adept MiBe of Trog (WizLab)
  2 deep elf blademasters (Elf:3)
  3 tentacled starspawn (WizLab)
  An acid blob (Slime:1)
  Gastronok (Lair:3)
  A kraken (Shoals:1)
  2 sphinxes
  A shadow dragon (Depths:3)
  Kirke (D:13)
  6 fire giants
  2 iron dragons
  8 deep elf sorcerers
  4 frost giants
  3 ghost moths
  2 orc warlords
  8 vault wardens
  5 emperor scorpions
  Louise (Spider:1)
  A deep elf elementalist (Elf:3)
  19 stone giants
  18 very ugly things
  17 ironheart preservers
  3 spriggan defenders
  3 entropy weavers
  2 vampire knights
  3 deep elf annihilators (Elf:3)
  5 deep elf demonologists
  A red draconian (WizLab)
  8 ettins
  11 deep elf death magi
  2 eidola (Depths:3)
  5 merfolk javelineers
  A minotaur (Lab)
  5 merfolk impalers
  8 fire dragons
  5 great orbs of eyes
  8 rakshasas
  12 yaktaur captains
  20 vault guards
  9 ice dragons
  3 deep elf high priests
  A spriggan air mage (Depths:3)
  9 hydras
  11 centaur warriors
  14 ogre magi
  2 catoblepae
  11 merfolk aquamancers
  A satyr (Shoals:3)
  2 merfolk avatars
  16 dancing weapons
  4 alligator snapping turtles
  2 alligators (Depths:4)
  6 tengu warriors
  17 deep troll shamans
  2 death knights
  41 two-headed ogres
  A vampire mage (D:15)
  8 deep troll earth magi
  5 spriggan berserkers
  7 death yaks
  An orc high priest (Vaults:4)
  The ghost of edsrzf the Ogre Mage, a novice OgWz of Cheibriados (D:10)
  Sonja (Lair:1)
  7 deep elf knights
  11 hell knights
  4 shadow wraiths
  3 iron trolls
  The ghost of Heartnet the Cleaver, a novice DsFi of Gozag (Bailey)
  11 skeletal warriors
  8 sea snakes
  10 unseen horrors
  9 glowing orange brains
  35 deep trolls
  An unseen horror (shapeshifter) (Depths:2)
  4 swamp dragons
  2 death drakes (shapeshifter)
  3 death drakes (Depths:3)
  4 flayed ghosts
  A spectral hydra (Depths:3)
  2 wizards
  9 deep elf archers
  5 necromancers
  18 orc knights
  A shadow dragon zombie (D:15)
  An obsidian statue (WizLab)
  11 ironbrand convokers
  A wolf spider (shapeshifter) (Vaults:2)
  5 phantasmal warriors
  3 mana vipers (shapeshifter)
  2 lindwurms (Lair:6)
  A wolf spider zombie (D:15)
  54 ugly things
  44 deep elf magi
  18 harpies
  23 wolf spiders
  5 orc sorcerers
  2 mana vipers
  11 manticores
  A shining eye (Slime:1)
  2 moths of wrath (Spider:4)
  2 worldbinders (WizLab)
  9 fauns
  17 orb spiders
  28 elephants
  9 cyclopes
  An elephant (shapeshifter) (Depths:3)
  Maurice (Orc:1)
  A guardian serpent (Depths:1)
  A black mamba (shapeshifter) (D:13)
  7 torpor snails
  An eye of devastation (Lair:5)
  10 vault sentinels
  3 black mambas (Lair:6)
  5 merfolk sirens
  7 water nymphs
  A smoke demon (WizLab)
  A frost giant skeleton (D:15)
  13 spiny frogs
  An orange demon (WizLab)
  A rime drake (Lair:4)
  A spriggan zombie (D:15)
  43 yaktaurs
  2 demonspawn skeletons (WizLab)
  4 efreet
  2 kobold demonologists (Bailey)
  7 komodo dragons
  21 demonic crawlers
  3 spectral merfolk (Depths:3)
  A rime drake (shapeshifter) (Vaults:2)
  A redback zombie (D:15)
  9 freezing wraiths
  A komodo dragon (shapeshifter) (Vaults:3)
  5 tengu conjurers
  2 meliai (shapeshifter)
  A jumping spider (shapeshifter) (Vaults:2)
  A red devil (Depths:4)
  2 trolls
  A troll (shapeshifter) (D:14)
  6 wind drakes
  3 tyrant leeches (Lair:6)
  15 jumping spiders
  21 hornets
  27 merfolk
  9 polar bears (Lair:6)
  7 blink frogs
  23 slime creatures
  3 raiju
  13 hippogriffs
  A slime creature (shapeshifter) (Vaults:4)
  8 dream sheep
  8 snapping turtles
  60 redbacks
  2 air elementals
  21 tarantellas
  2 spriggans
  8 shadows
  2 centaur simulacra
  Sigmund (D:4)
  23 water elementals
  A tarantella (shapeshifter) (Vaults:4)
  2 vampires
  2 hogs (D:13)
  2 humans (shapeshifter)
  12 wraiths
  8 basilisks
  7 wyverns
  43 yaks
  4 fire elementals
  A golden eye (shapeshifter) (Depths:3)
  A hungry ghost (D:8)
  A steam dragon (D:13)
  2 human simulacra (Vaults:3)
  A spatial vortex (WizLab)
  6 vampire mosquitoes
  2 soldier ants
  3 swamp worms (Depths:4)
  19 hell hounds
  14 wargs
  A soldier ant (shapeshifter) (Vaults:3)
  2 spectral spriggans (Depths:3)
  24 water moccasins
  5 acid dragons
  13 porcupines
  A floating eye (Depths:3)
  3 spectral trolls (Depths:3)
  A hornet zombie (D:14)
  3 sky beasts
  An ice beast (shapeshifter) (D:13)
  13 black bears
  69 orc warriors
  5 swamp drakes (Depths:4)
  2 eyes of draining
  A sky beast (shapeshifter) (Vaults:4)
  6 ice beasts
  3 phantoms
  37 ogres
  A snapping turtle zombie (Depths:3)
  15 centaurs
  28 wolves
  2 ettin simulacra (Depths:2)
  10 boggarts
  14 crocodiles
  3 big kobolds
  2 earth elementals
  13 bullfrogs
  2 wyvern zombies
  4 scorpions
  2 wyvern skeletons
  A water moccasin skeleton (D:4)
  15 killer bees
  A tengu skeleton (D:15)
  3 spectral ogres (Depths:3)
  2 spectral nagas (Depths:3)
  A howler monkey (shapeshifter) (Depths:4)
  6 wights
  4 electric eels
  A howler monkey (D:10)
  A spectral centaur (Depths:3)
  3 jellies
  A lava snake (D:11)
  4 centaur zombies
  7 crimson imps
  A quasit (D:8)
  6 hounds
  2 bullfrog skeletons (D:4)
  32 orc priests
  Crazy Yiuf (D:3)
  5 centaur skeletons
  Ijyb (D:3)
  7 iguanas
  39 orc wizards
  A spriggan simulacrum (Depths:3)
  10 worker ants
  A killer bee zombie (D:12)
  A bullfrog simulacrum (D:10)
  A hound skeleton (D:6)
  2 worker ant zombies
  A howler monkey zombie (D:10)
  2 howler monkey skeletons
  17 adders
  22 gnolls
  2 naga simulacra (Depths:3)
  2 river rats (D:6)
  3 shadow imps
  5 white imps (D:10)
  2 ufetubi (D:10)
  4 oozes
  2 adder skeletons
  An adder zombie (D:8)
  7 worms
  2 dart slugs (D:1)
  5 leopard geckos
  139 orcs
  3 bats
  6 giant cockroaches
  18 goblins
  19 hobgoblins
  10 jackals
  8 quokkas
  5 ball pythons
  6 frilled lizards
  A jackal skeleton (D:5)
  22 kobolds
  A leopard gecko skeleton (D:8)
  A leopard gecko zombie (D:5)
  7 rats
  4 crawling corpses (Elf:3)
  2 plants
  A starspawn tentacle (WizLab)
  2 tentacles (Shoals:1)
2126 creatures vanquished.

Vanquished Creatures (collateral kills)
  2 fire giants
  A frost giant (D:15)
  A deep elf sorcerer (Vaults:1)
  A stone giant (Vaults:2)
  A very ugly thing (Depths:3)
  A deep elf annihilator (Elf:3)
  A merfolk javelineer (Shoals:3)
  An ice dragon (Depths:3)
  A centaur warrior (Depths:2)
  3 two-headed ogres
  2 deep elf knights (Elf:3)
  A skeletal warrior (Vaults:1)
  A soul eater (Depths:3)
  3 deep trolls
  2 ironbrand convokers (Vaults:4)
  A swamp dragon (Depths:3)
  A deep elf archer (Vaults:2)
  An orc knight (Vaults:3)
  A harpy (Shoals:4)
  7 orb spiders
  2 ugly things
  2 deep elf magi
  2 wolf spiders (Spider:4)
  A demonic crawler (Spider:4)
  A yaktaur (Depths:3)
  A freezing wraith (Vaults:1)
  A merfolk (Shoals:3)
  A snapping turtle (Shoals:4)
  A blink frog (WizLab)
  A wraith (Vaults:1)
  A redback (Spider:2)
  A tarantella (Spider:4)
  2 wargs (Depths:3)
  A spectral troll (Depths:3)
  2 orc warriors
  An ettin simulacrum (Depths:2)
  2 wolves (Depths:3)
  9 ogres
  A spectral centaur (Depths:3)
  A crimson imp (Depths:2)
  An orc wizard (Vaults:4)
  A shadow imp (WizLab)
  2 orcs
  A plant (Shoals:3)
72 creatures vanquished.

Vanquished Creatures (others)
  An eldritch tentacle (WizLab)
  An orb spider (Spider:4)
  A wolf spider (Spider:3)
  A redback (Spider:2)
  3 humans (D:13)
  A boggart (Vaults:1)
  A wolf (Depths:3)
  A killer bee (D:13)
  An orc (D:13)
  A bush (Lair:6)
  16 fungi
  64 plants
  27 spectral weapons
  2 starspawn tentacles (WizLab)
  3 tentacles (Shoals:1)
124 creatures vanquished.

Grand Total: 2322 creatures vanquished

Notes
Turn   | Place    | Note
-------+----------+-------------------------------------------
     0 | D:1      | aurelian the Draconian Skald began the quest for the Orb.
     0 | D:1      | Reached XP level 1. HP: 17/17 MP: 3/3
    61 | D:1      | Reached XP level 2. HP: 24/24 MP: 5/5
   481 | D:1      | Reached XP level 3. HP: 30/30 MP: 6/6
   771 | D:2      | Learned a level 2 spell: Song of Slaying
  1101 | D:2      | Reached XP level 4. HP: 18/37 MP: 0/7
  1838 | D:3      | Found a shattered altar of Ashenzari.
  2024 | D:3      | Found a hide-covered altar of Uskayaw.
  2139 | D:3      | Noticed Ijyb
  2169 | D:3      | Killed Ijyb
  2169 | D:3      | Reached XP level 5. HP: 45/45 MP: 8/8
  2348 | D:3      | Found a sparkling altar of Nemelex Xobeh.
  2864 | D:3      | Found a runed door.
  2888 | D:3      | Noticed Crazy Yiuf
  2909 | D:3      | Killed Crazy Yiuf
  3237 | D:4      | Reached XP level 6. HP: 40/51 MP: 3/9
  3303 | D:4      | Reached skill level 5 in Polearms
  3591 | D:4      | Found a blossoming altar of Fedhas.
  3829 | D:4      | Found a glowing golden altar of the Shining One.
  4000 | D:4      | Your scales start taking on a fiery red colour.
  4000 | D:4      | Reached XP level 7. HP: 48/59 MP: 3/10
  4000 | D:4      | Gained mutation: Your flesh is heat resistant. (rF+) [Red Draconian growth]
  4335 | D:4      | Noticed Sigmund
  4339 | D:4      | Killed Sigmund
  4500 | D:5      | Entered Level 5 of the Dungeon
  4628 | D:5      | Found a staircase to the Ecumenical Temple.
  4638 | D:5      | Noticed a hippogriff
  4652 | Temple   | Entered the Ecumenical Temple
  4868 | Temple   | Became a worshipper of Warmaster Okawaru
  4893 | D:5      | Killed a hippogriff
  4893 | D:5      | Reached skill level 5 in Fighting
  4893 | D:5      | Reached XP level 8. HP: 44/68 MP: 1/11
  4972 | D:5      | Upgraded the game from 0.21-a0-173-g99db44b to 0.21-a0-176-gb3d4b37
  5530 | D:5      | Found a shadowy altar of Dithmenos.
  5730 | D:5      | Found an ornate altar of the Wu Jian Council.
  6045 | D:5      | Reached skill level 5 in Dodging
  6147 | D:5      | Reached * piety under Okawaru
  6397 | D:5      | Found a shimmering altar of Xom.
  6674 | D:6      | Found a radiant altar of Vehumet.
  7095 | D:6      | Reached XP level 9. HP: 77/77 MP: 12/12
  7110 | D:6      | Found a shadowy altar of Dithmenos.
  7112 | D:6      | Found a deep blue altar of Sif Muna.
  7176 | D:6      | Reached skill level 1 in Invocations
  7306 | D:6      | Found a glowing drain.
  7356 | Sewer    | Entered a sewer
  8289 | D:6      | Reached ** piety under Okawaru
  8392 | D:6      | Found a snail-covered altar of Cheibriados.
  8839 | D:7      | Found Juiczamn's Antique Armour Shoppe.
  8933 | D:7      | Bought a pair of gloves for 117 gold pieces
  9720 | D:7      | Reached skill level 10 in Polearms
 10181 | D:8      | Noticed an unseen horror
 10222 | D:8      | Killed an unseen horror
 10222 | D:8      | Reached *** piety under Okawaru
 10222 | D:8      | Reached XP level 10. HP: 73/88 MP: 4/13
 10526 | D:8      | Found a bloodstained altar of Trog.
 11283 | D:8      | Found a blossoming altar of Fedhas.
 11604 | D:8      | Found a bloodstained altar of Trog.
 12563 | D:9      | Reached **** piety under Okawaru
 12693 | D:9      | Found an opulent altar of Gozag.
 12736 | D:9      | Found a sacrificial altar of Ru.
 13134 | D:9      | Found a staircase to the Orcish Mines.
 13216 | D:10     | Entered Level 10 of the Dungeon
 13609 | D:10     | Found a staircase to the Lair.
 14020 | D:10     | Reached ***** piety under Okawaru
 14121 | D:10     | Reached XP level 11. HP: 97/97 MP: 11/14
 14538 | D:10     | Noticed edsrzf's ghost (novice OgWz)
 14598 | D:10     | Killed edsrzf's ghost
 14916 | Lair:1   | Entered Level 1 of the Lair of Beasts
 15789 | Lair:1   | Received a gift from Okawaru
 15792 | Lair:1   | Got a pair of ichor-stained boots {god gift}
 15798 | Lair:1   | Identified the +0 pair of boots "Doloech" {rPois} (Okawaru gifted it to you on level 1 of the Lair of Beasts)
 15829 | Lair:1   | Noticed Sonja
 15843 | Lair:1   | Killed Sonja
 15846 | Lair:1   | Noticed an oklob plant
 16296 | Lair:1   | Reached skill level 10 in Fighting
 16489 | Lair:1   | Noticed an oklob plant
 17703 | Lair:2   | Noticed a four-headed hydra
 17718 | Lair:2   | Killed a four-headed hydra
 17718 | Lair:2   | Reached XP level 12. HP: 80/107 MP: 3/15
 17863 | Lair:2   | Received a gift from Okawaru
 17866 | Lair:2   | Got a warped glaive {god gift}
 18109 | Lair:2   | Found a staircase to the Shoals.
 18404 | Lair:3   | Identified the +7 glaive of Subterfuge {speed, +Inv Dex+3 SInv} (Okawaru gifted it to you on level 2 of the Lair of Beasts)
 18406 | Lair:3   | Upgraded the game from 0.21-a0-176-gb3d4b37 to 0.21-a0-178-g0b87683
 18406 | Lair:3   | Noticed Gastronok
 18432 | Lair:3   | Killed Gastronok
 18876 | Lair:3   | Noticed Rupert
 18892 | Lair:3   | Killed Rupert
 18892 | Lair:3   | Reached skill level 10 in Dodging
 19021 | Lair:3   | Found a hole to the Spider Nest.
 19269 | Lair:4   | Reached skill level 1 in Stealth
 19294 | Lair:4   | Noticed a six-headed hydra
 19306 | Lair:4   | Killed a six-headed hydra
 19335 | Lair:4   | Noticed a catoblepas
 19342 | Lair:4   | Noticed a death yak
 19377 | Lair:4   | Killed a death yak
 19377 | Lair:4   | Received a gift from Okawaru
 19444 | Lair:4   | Reached XP level 13. HP: 114/117 MP: 13/16
 19446 | Lair:4   | Reached skill level 5 in Charms
 19775 | Lair:4   | Learned a level 3 spell: Ozocubu's Armour
 19779 | Lair:4   | Learned a level 3 spell: Regeneration
 19783 | Lair:4   | Learned a level 3 spell: Spectral Weapon
 19786 | Lair:4   | Learned a level 2 spell: Shroud of Golubria
 20760 | Lair:5   | Found a staircase to the Slime Pits.
 20769 | Lair:5   | Reached ****** piety under Okawaru
 21617 | Lair:6   | Entered Level 6 of the Lair of Beasts
 21752 | Lair:6   | Received a gift from Okawaru
 22114 | Lair:6   | Reached skill level 5 in Stealth
 22253 | Lair:6   | Reached XP level 14. HP: 127/127 MP: 17/17
 22371 | Lair:6   | Received a gift from Okawaru
 23010 | Lair:6   | Reached skill level 15 in Polearms
 23064 | Lair:6   | Learned a level 1 spell: Summon Small Mammal
 23137 | Lair:6   | Found a runed door.
 23170 | Lair:6   | Paralysed by a hornet for 3 turns
 23181 | Lair:6   | Reached skill level 1 in Summonings
 23902 | Lair:6   | Learned a level 2 spell: Blink
 24243 | D:11     | Identified a scroll of acquirement
 24244 | D:11     | Got a glittering lead amulet
 24245 | D:11     | Identified the amulet of Spite {Spirit +Fly} (You acquired it on level 11 of the Dungeon)
 24331 | D:11     | Received a gift from Okawaru
 25037 | D:12     | Received a gift from Okawaru
 25545 | D:13     | Found Osipuyggo's Antique Weapon Boutique.
 25549 | D:13     | Reached skill level 1 in Throwing
 25579 | D:13     | Found a labyrinth entrance.
 25641 | Lab      | Entered a labyrinth
 26303 | Lab      | Got a steaming platinum ring
 26304 | Lab      | Got a brightly glowing hunting sling
 26460 | D:13     | Identified the ring "Isitz" {rElec rN+ EV+1} (You took it off a minotaur in a labyrinth)
 26740 | D:13     | Found Ehemoar's Island Escapes.
 26846 | D:13     | Noticed Kirke
 26864 | D:13     | Noticed a sphinx
 26887 | D:13     | Killed Kirke
 26887 | D:13     | Reached XP level 15. HP: 108/135 MP: 11/18
 27437 | D:13     | Bought a scroll of blinking for 82 gold pieces
 27437 | D:13     | Bought a wand of digging (7/24) for 242 gold pieces
 27437 | D:13     | Bought a scroll of blinking for 82 gold pieces
 27503 | D:14     | Found a gate to the Vaults.
 27617 | D:14     | Found a flagged portal.
 27633 | Bailey   | Entered a bailey
 27676 | Bailey   | Noticed Heartnet's ghost (novice DsFi)
 27684 | Bailey   | Killed Heartnet's ghost
 27690 | Bailey   | Found an iron altar of Okawaru.
 27897 | Bailey   | Got a shimmering marble ring
 28313 | D:14     | Reached skill level 5 in Summonings
 28390 | D:14     | Received a gift from Okawaru
 29239 | D:15     | Entered Level 15 of the Dungeon
 29327 | D:15     | Received a gift from Okawaru
 29332 | D:15     | Got a polished halberd {god gift}
 29618 | D:14     | Learned a level 4 spell: Summon Lightning Spire
 29713 | D:15     | Found a staircase to the Depths.
 29743 | D:15     | Identified the ring "Zudwoj" {+Blink MP+9 Str-2 Dex+2 Stlth+} (You acquired it in a bailey)
 29791 | D:15     | Reached skill level 1 in Air Magic
 30147 | D:15     | Reached skill level 5 in Spellcasting
 30442 | Orc:1    | Entered Level 1 of the Orcish Mines
 30746 | Orc:1    | Found Haxzeq's Weapon Boutique.
 30875 | Orc:2    | Entered Level 2 of the Orcish Mines
 30875 | Orc:2    | Noticed Maurice
 30894 | Orc:1    | Killed Maurice
 31234 | Orc:2    | Found a staircase to the Elven Halls.
 31345 | Orc:2    | Reached XP level 16. HP: 144/144 MP: 23/23
 31409 | Orc:2    | Found Feteps's Distillery.
 31541 | Orc:2    | Found a roughly hewn altar of Beogh.
 31611 | Orc:2    | Found a roughly hewn altar of Beogh.
 31800 | Orc:2    | Found a roughly hewn altar of Beogh.
 31812 | Orc:2    | Found Ycehyeliv's Antique Armour Boutique.
 31822 | Orc:2    | Bought a pair of runed boots for 240 gold pieces
 31822 | Orc:2    | Bought a pair of twisted gloves for 304 gold pieces
 31839 | Orc:2    | Identified the cursed +0 pair of gloves of the Good {+Blink} (You bought it in a shop on level 2 of the Orcish Mines)
 31879 | Orc:2    | Learned a level 2 spell: Swiftness
 31909 | Orc:2    | Found a roughly hewn altar of Beogh.
 31976 | Orc:2    | Found a roughly hewn altar of Beogh.
 31988 | Orc:2    | Found Vanod's General Store.
 31993 | Orc:2    | Bought a potion of might for 52 gold pieces
 31993 | Orc:2    | Bought a scroll of identify for 26 gold pieces
 31993 | Orc:2    | Bought a scroll of enchant armour for 97 gold pieces
 31997 | Orc:2    | Identified the +10 halberd "Tuzinox" {freeze, rC+ Dex+4} (Okawaru gifted it to you on level 15 of the Dungeon)
 32068 | Orc:2    | Found Zoplav's Antique Weapon Shop.
 32193 | Orc:2    | Received a gift from Okawaru
 32231 | Orc:2    | Found Qaps's Antique Armour Boutique.
 32231 | Orc:2    | Found a roughly hewn altar of Beogh.
 32560 | Spider:1 | Entered Level 1 of the Spider Nest
 33572 | Spider:2 | Noticed Louise
 34095 | Spider:1 | Killed Louise
 34472 | Spider:2 | Reached skill level 5 in Air Magic
 34632 | Spider:2 | Received a gift from Okawaru
 36122 | Spider:3 | Received a gift from Okawaru
 36128 | Spider:3 | Got a transparent scarf {god gift}
 36431 | Spider:3 | Identified the scarf "Vaqo" {rPois rF+ rCorr SInv} (Okawaru gifted it to you on level 3 of the Spider Nest)
 36722 | Spider:3 | Noticed Arachne
 36761 | Spider:3 | Killed Arachne
 37198 | Spider:4 | Entered Level 4 of the Spider Nest
 38551 | Spider:4 | Reached XP level 17. HP: 152/152 MP: 0/24
 39139 | Spider:4 | Received a gift from Okawaru
 39533 | Spider:4 | Received a gift from Okawaru
 39802 | Spider:4 | Got a gossamer rune of Zot
 40237 | Vaults:1 | Entered Level 1 of the Vaults
 40758 | Vaults:1 | Reached skill level 15 in Dodging
 40839 | Vaults:1 | Found Diehi's General Store.
 40847 | Vaults:1 | Bought a scroll of acquirement for 832 gold pieces
 40854 | Vaults:1 | Got a shimmering glass ring
 41908 | Vaults:1 | Received a gift from Okawaru
 42045 | Vaults:1 | Got a pair of spiked gloves {god gift}
 42720 | Vaults:1 | Identified the +0 pair of gloves of Valour {rN+ Str+3} (Okawaru gifted it to you on level 1 of the Vaults)
 43088 | Slime:1  | Entered Level 1 of the Pits of Slime
 43170 | Slime:2  | Gained mutation: Scrolls take you a little longer to read. [a shining eye]
 43171 | Slime:2  | Noticed an acid blob
 43180 | Slime:2  | Gained mutation: You are clumsy. (Dex -2) [a shining eye]
 43384 | Slime:2  | Gained mutation: Your spells are a little easier to cast, but a little less powerful. [a shining eye]
 43388 | Slime:1  | Gained mutation: Scrolls take you longer to read. [a shining eye]
 43392 | Slime:1  | Killed an acid blob
 43742 | Lair:2   | Reached XP level 18. HP: 158/160 MP: 25/25
 43790 | Lair:1   | Lost mutation: Scrolls take you longer to read. [potion of mutation]
 43790 | Lair:1   | Lost mutation: Scrolls take you a little longer to read. [potion of mutation]
 43790 | Lair:1   | Gained mutation: Your muscles are strong. (Str +2) [potion of mutation]
 43790 | Lair:1   | Gained mutation: Scrolls take you a little longer to read. [potion of mutation]
 43790 | Lair:1   | Lost mutation: You are clumsy. (Dex -2) [potion of mutation]
 43791 | Lair:1   | Lost mutation: Scrolls take you a little longer to read. [potion of mutation]
 43791 | Lair:1   | Lost mutation: Your spells are a little easier to cast, but a little less powerful. [potion of mutation]
 43791 | Lair:1   | Gained mutation: Your tail ends in a poisonous barb. [potion of mutation]
 43791 | Lair:1   | Gained mutation: Your mind is acute. (Int +2) [potion of mutation]
 43791 | Lair:1   | Lost mutation: Your muscles are strong. (Str +2) [potion of mutation]
 43791 | Lair:1   | Gained mutation: You are robust. (+10% HP) [potion of mutation]
 45006 | Vaults:2 | Received a gift from Okawaru
 45416 | Vaults:2 | Received a gift from Okawaru
 46566 | Vaults:2 | Paralysed by an ogre mage for 3 turns
 47038 | Vaults:3 | Identified the ring "Sezunwimuu" {+Blink rC++ Str+5 Dex-2} (You acquired it on level 1 of the Vaults)
 47560 | Vaults:3 | Received a gift from Okawaru
 47706 | Vaults:3 | Reached XP level 19. HP: 166/183 MP: 9/26
 47955 | Vaults:3 | Found a staircase to the Crypt.
 49331 | Vaults:4 | Found a radiant altar of Vehumet.
 49433 | Vaults:4 | Paralysed by a hornet for 2 turns
 49448 | Vaults:4 | Received a gift from Okawaru
 49519 | Vaults:4 | Found a roughly hewn altar of Beogh.
 50182 | Vaults:4 | Reached skill level 15 in Fighting
 50534 | Vaults:4 | Reached skill level 1 in Translocations
 50574 | Vaults:4 | Reached skill level 1 in Necromancy
 51126 | Vaults:4 | Received a gift from Okawaru
 51189 | Vaults:4 | Found Caysev's Distillery.
 51192 | Vaults:4 | Gained mutation: You tend to lose your temper in combat. [a shining eye]
 51200 | Vaults:4 | Reached XP level 20. HP: 195/196 MP: 14/27
 51354 | Vaults:4 | Reached skill level 1 in Hexes
 51374 | Vaults:4 | Lost mutation: Your tail ends in a poisonous barb. [potion of mutation]
 51374 | Vaults:4 | Lost mutation: You tend to lose your temper in combat. [potion of mutation]
 51374 | Vaults:4 | Lost mutation: You are robust. (+10% HP) [potion of mutation]
 51374 | Vaults:4 | Gained mutation: You are clumsy. (Dex -2) [potion of mutation]
 51374 | Vaults:4 | Gained mutation: You have a pair of small antennae on your head. [potion of mutation]
 51374 | Vaults:4 | Gained mutation: Your spells are a little harder to cast, but a little more powerful. [potion of mutation]
 51374 | Vaults:4 | Gained mutation: Your spells are harder to cast, but more powerful. [potion of mutation]
 51375 | Vaults:4 | Lost mutation: Your spells are harder to cast, but more powerful. [potion of mutation]
 51375 | Vaults:4 | Lost mutation: Your mind is acute. (Int +2) [potion of mutation]
 51375 | Vaults:4 | Gained mutation: You are dopey. (Int -2) [potion of mutation]
 51375 | Vaults:4 | Gained mutation: Your muscles are strong. (Str +2) [potion of mutation]
 51375 | Vaults:4 | Lost mutation: You are clumsy. (Dex -2) [potion of mutation]
 51375 | Vaults:4 | Gained mutation: You have supernaturally acute eyesight. (SInv) [potion of mutation]
 51976 | Depths:1 | Entered Level 1 of the Depths
 52686 | Depths:2 | Found a one-way gate to the infinite horrors of the Abyss.
 52805 | Depths:2 | Found a magical portal.
 53423 | WizLab   | Entered The Roulette of Golubria
 53423 | WizLab   | Found a transporter.
 53485 | WizLab   | Found a corrupted altar of Lugonu.
 53725 | WizLab   | Found a transporter.
 53752 | WizLab   | Found a transporter.
 53754 | WizLab   | Found a corrupted altar of Lugonu.
 53770 | WizLab   | Found a transporter.
 53803 | WizLab   | Found a transporter.
 53806 | WizLab   | Received a gift from Okawaru
 53845 | WizLab   | Found a transporter.
 53963 | WizLab   | Found a transporter.
 53963 | WizLab   | Found a transporter.
 53997 | WizLab   | Found a transporter.
 53997 | WizLab   | Found a transporter.
 54118 | WizLab   | Noticed plsesad's ghost (adept MiBe)
 54118 | WizLab   | Found a transporter.
 54118 | WizLab   | Found a transporter.
 54147 | WizLab   | Killed plsesad's ghost
 54429 | WizLab   | Found a transporter.
 54429 | WizLab   | Found a transporter.
 54474 | WizLab   | Found a transporter.
 54539 | WizLab   | Got a blackened cloak
 54546 | WizLab   | Got an encrusted cloak
 54552 | WizLab   | Got a smoking cloak
 54868 | Depths:2 | Identified the +1 cloak of Watchfulness {rC+++ rN++ MR+} (You found it in a wizard's laboratory)
 54880 | Depths:2 | Identified the cursed -6 cloak "Damnable Contraption" {Str+3 Dex+6 Stlth+} (You found it in a wizard's laboratory)
 54892 | Depths:2 | Identified the cursed +0 cloak of the Lost Path {+Blink rPois rF-} (You found it in a wizard's laboratory)
 55073 | Depths:2 | Found Ryhawiast's Assorted Antiques.
 55078 | Depths:2 | Bought a potion of heal wounds for 185 gold pieces
 55078 | Depths:2 | Bought a potion of might for 148 gold pieces
 55411 | Depths:2 | Found a gateway to Hell.
 55820 | Depths:2 | Noticed Bai Suzhen
 55843 | Depths:2 | Killed Bai Suzhen
 56674 | Depths:3 | Received a gift from Okawaru
 57205 | Depths:1 | Reached XP level 21. HP: 184/190 MP: 25/33
 57407 | Depths:1 | Noticed Asterion
 57427 | Depths:1 | Killed Asterion
 57464 | Depths:1 | Found a one-way gate leading to the halls of Pandemonium.
 58413 | Depths:3 | Got a pair of distressingly furry gloves {god gift}
 58415 | Depths:3 | Identified the +1 pair of gloves of Sunlight {rPois rF- rN+ Slay+6} (Okawaru gifted it to you on level 3 of the Depths)
 58851 | Depths:3 | Upgraded the game from 0.21-a0-178-g0b87683 to 0.21-a0-179-gd2bfb5f
 58894 | Depths:3 | Got a heavily runed glass ring
 58907 | Depths:3 | Identified the ring "Qydem" {MR+ Int+3 Slay+3} (You found it on level 3 of the Depths)
 59128 | Depths:3 | Received a gift from Okawaru
 59458 | Depths:3 | Noticed an ancient lich
 59473 | Depths:3 | Killed an ancient lich
 59473 | Depths:3 | Reached skill level 10 in Spellcasting
 59622 | Depths:3 | Received a gift from Okawaru
 59641 | Depths:3 | Found a gateway to a ziggurat.
 60467 | Elf:1    | Entered Level 1 of the Elven Halls
 60599 | Elf:1    | Found a radiant altar of Vehumet.
 61434 | Elf:1    | Found Askupots's Food Shoppe.
 61714 | Elf:1    | Reached XP level 22. HP: 195/200 MP: 36/36
 61950 | Elf:2    | Found a runed gate.
 61950 | Elf:2    | Found a runed gate.
 62352 | Elf:2    | Found a runed gate.
 62382 | Elf:3    | Entered Level 3 of the Elven Halls
 62389 | Elf:3    | Received a gift from Okawaru
 63228 | Elf:3    | Received a gift from Okawaru
 63312 | Elf:3    | Found Netomink's Jewellery Shoppe.
 63313 | Elf:3    | Found Ruuney's Gadget Shop.
 63314 | Elf:3    | Found Nexi's Jewellery Shoppe.
 63887 | Elf:3    | Got a clouded jade ring
 63924 | Elf:3    | Identified the ring "Guryk" {rCorr *Contam MR+ Str+5} (You took it off a deep elf blademaster on level 3 of the Elven Halls)
 64014 | Elf:3    | Got a vibrating zirconium amulet
 64028 | Elf:3    | Identified the Tome of Fire and Attacks
 64075 | Elf:3    | Identified Sif Muna's Disquisition on the Rocks and the Frostbite
 64087 | Elf:3    | Learned a level 6 spell: Deflect Missiles
 64093 | Elf:3    | Learned a level 5 spell: Silence
 64099 | Elf:3    | Learned a level 5 spell: Summon Mana Viper
 64102 | Elf:3    | Identified Sos Puoch's Almanac of Cankerous Lightness
 64120 | Elf:3    | Identified the Collected Works on Flying Beguiling
 64136 | Elf:3    | Got an ichor-stained halberd
 64488 | Shoals:1 | Entered Level 1 of the Shoals
 64745 | Shoals:1 | Identified the amulet "Vomyah Assikh" {+Rage rF+} (You took it off a deep elf master archer on level 3 of the Elven Halls)
 65335 | Shoals:1 | Received a gift from Okawaru
 65912 | Shoals:2 | Reached skill level 10 in Air Magic
 68506 | Shoals:4 | Entered Level 4 of the Shoals
 69067 | Shoals:4 | Reached XP level 23. HP: 190/213 MP: 35/37
 69132 | Shoals:4 | Got a barnacled rune of Zot
 70641 | Depths:3 | Reached skill level 10 in Charms
 70867 | Depths:3 | Received a gift from Okawaru
 74065 | Depths:4 | Slain by a spriggan defender

Vault maps used:
D:1:      nicolae_arrival_memento_mori, minmay_hedge_maze
D:3:      minmay_diamond_boxcup, lemuel_doored_altar,
          eat_drink_and_be_merry_uskayaw, overflow_temple_1_default,
          uniq_crazy_yiuf_cottage, uniq_ijyb
D:4:      overflow_temple_1_default, nicolae_overflow_crystal_walls,
          uniq_sigmund
D:5:      lemuel_crystal_altar, lemuel_crystal_altar,
          minmay_temple_entry_statues_fountains, basic_altar, first_bread
D:6:      grunt_temple_overflow_open, vehumet_altar_wand_db, slow_altar_2,
          portal_sewer_entry_c, serial_corexii_hall, corexii_hall_statues_i,
          corexii_hall_statues_l
D:7:      serial_shops, shop
D:8:      kennysheep_mini, basic_altar, serial_glass, glass_columns_c,
          glass_columns_b, glass_columns_a, glass_columns_a, glass_columns_b,
          glass_columns_a, blue_anna_alchemist, trog_book
D:9:      overflow_temple_1_default, orc_0_dummy, basic_altar
D:10:     lair_entry_dummy, serial_ice, serial_ice_b, serial_ice_m,
          serial_ice_d, serial_ice_g, serial_ice_n, serial_ice_e, serial_ice_j,
          serial_ice_c
D:11:     hangedman_abyss_or_decor_jellyfish_corner
D:13:     serial_shops, shop_statue, lab_entry_generic, nicolae_island_escapes,
          uniq_kirke
D:14:     erik_vaults_2, minmay_misc_feat_four_crosses,
          lightli_bailey_entry_fortress, minmay_bent
D:15:     gammafunk_depths_entry_grave, wad_floor_pattern_untrapped
Temple:   corrupted_temple
Lair:1:   lemuel_fruit_fields, minmay_lair_oklob_chamber, uniq_sonja
Lair:2:   elwin_shoals_entry_stream, beast_lair_carwin_11, lemuel_fruit_tree
Lair:3:   nicolae_spider_entry_orb_guardian, minmay_holes, uniq_rupert,
          uniq_gastronok
Lair:4:   minivault_24, st_stairs_8, nicolae_lair_yak_garden,
          infiniplex_staircase_pool, grunt_megastairs_2
Lair:5:   minmay_slime_entry_eyes, nicolae_quartered_pool_little
Lair:6:   hangedman_lair_caniforms_friends, wormcave
Shoals:1: nicolae_shoals_water_shrine
Shoals:3: cheibrodos_shoals_epimethial_gifts
Shoals:4: shoals_end_hangedman, shoals_ilsuiw_alternative,
          nicolae_shoals_stone_sculpture_thing, uniq_mara
Spider:2: einodemon_crawler_minivault, uniq_louise
Spider:3: nicolae_orb_island, uniq_arachne
Spider:4: guppyfry_spider_rune
Slime:1:  cheibrodos_slime_lost_civilization_9
Orc:1:    serial_shops, shop
Orc:2:    grunt_orc_community_town_hall, grunt_orc_community_big_house_2,
          grunt_orc_community_big_house_2, grunt_orc_community_house_2,
          grunt_orc_community_house_2, grunt_orc_community_house_3,
          grunt_orc_community_house_3, grunt_orc_community_house_1,
          grunt_orc_community_house_3, serial_shops, shop, uniq_maurice
Elf:1:    eino_elf_arrival_altar, serial_shops, nicolae_shop_window_shopping,
          hangedman_elf_represent
Elf:3:    minmay_elf_hall_statues, minmay_shop_grove
Vaults:1: ontoclasm_vaults_ring_square, v_pattern_3, ontoclasm_vaults_shuriken,
          grunt_vaults_hallway_long, nicolae_vaults_asterisk, v_alt_pattern_2,
          nicolae_vaults_three_branches, nicolae_vaults_diagonal_hallway_6,
          serial_shops, shop_statue
Vaults:2: ontoclasm_vaults_eye, v_misc_22, vaults_dpeg_hooks,
          nicolae_vaults_stairing_the_circle, vaults_room_fours,
          ontoclasm_vaults_loading_screen, v_misc_12, vaults_dpeg_ring,
          dpeg_vaults_waves, v_misc_27, vaults_room_pool,
          vaults_standard_mumra_enter_the_diamond, nicolae_vaults_bisected_slash
Vaults:3: hangedman_vaults_trim, nicolae_vaults_bisected_exclaves,
          grunt_vaults_bifocal, minmay_crypt_entry_simple_statues,
          hangedman_vaults_nails, nicolae_vaults_sealed_display,
          ontoclasm_vaults_hangar, nicolae_vaults_little_squares_6,
          nicolae_vaults_windows_and_doors_thing, hangedman_vaults_cutoff,
          nicolae_vaults_little_squares_2, ontoclasm_vaults_twist
Vaults:4: vaults_mumra_chevron, special_room_vaults, hangedman_vaults_cutoff,
          vaults_room_corners, v_misc_11, vaults_standard_mumra_lines,
          nicolae_vaults_little_squares_3, vaults_room_grid,
          ontoclasm_vaults_tryst, vaults_room_door_hall, hangedman_vaults_trim,
          v_misc_25, serial_shops, shop, basic_altar
Depths:1: pan_entry, hangedman_tar_grid_catacomb, fake_guardian_serpent_vault,
          uniq_asterion
Depths:2: hangedman_elemental_death_ray, pf_dread_powers_of_hell,
          hangedman_abyss_entry_splay, infiniplex_staircase_pool_1,
          serial_shops, shop, infiniplex_enter_wizlab_glasses, uniq_bai_suzhen
Depths:3: lemuel_river_lethe, abyss_entry, serial_shops, hell_entry, pan_entry
Depths:4: onia_ninara_swampy_vault, abyss_entry, hellmouth_1,
          grunt_decor_mini_mirrors, infiniplex_staircase_star
Lab:      labyrinth_mini_lab, nicolae_lab_hexagon, nicolae_lab_flowing_pool,
          nicolae_lab_grate_2, labyrinth_skeletal_remains, nicolae_lab_diamond,
          nicolae_lab_starburst
Sewer:    sewer_the_crocodile
Bailey:   bailey_axe_of_yendor_kennysheep, bailey
WizLab:   wizlab_golubria

Skill      XL: |  1  2  3  4  5  6  7  8  9 10 11 12 13 14 15 16 17 18 19 20 21 22 23 |
---------------+----------------------------------------------------------------------+-----
Polearms       | 3 4 5 7 8 10 11 13 14 15 16 17 18 19 20 | 20.3
Fighting       | 3 4 5 6 7 9 10 11 12 13 14 15 16 18 19 | 19.7
Dodging        | 3 4 5 6 7 9 10 11 12 13 14 15 17 18 19 20 | 20.6
Charms         | 3 4 6 8 9 11 | 11.1
Invocations    | 4 |  4.0
Stealth        | 2 5 6 7 8 |  8.3
Summonings     | 3 5 7 |  7.3
Throwing       | 2 3 |  3.3
Spellcasting   | 5 8 10 | 10.0
Air Magic      | 2 7 8 11 12 | 12.5
Translocations | 3 |  3.1
Necromancy     | 2 3 |  3.0
Hexes          | 4 |  4.3

Action                   |  1- 3 |  4- 6 |  7- 9 | 10-12 | 13-15 | 16-18 | 19-21 | 22-24 || total
-------------------------+-------+-------+-------+-------+-------+-------+-------+-------++-------
Melee: Spear             |   131 |   297 |   754 |   212 |       |       |       |       ||  1394
       Tailslap          |     9 |    32 |    74 |   116 |   203 |   265 |   283 |   153 ||  1135
       Unarmed           |       |    13 |       |       |       |       |       |       ||    13
       Trident           |       |       |       |   668 |    65 |       |       |       ||   733
       Punch             |       |       |       |     1 |     1 |       |       |       ||     2
       Glaive            |       |       |       |    76 |  1198 |  1764 |  1878 |  1253 ||  6169
       Halberd           |       |       |       |       |   115 |       |       |       ||   115
       Bardiche          |       |       |       |       |       |       |       |     7 ||     7
 Fire: Hunting sling     |       |     2 |       |       |       |       |       |       ||     2
Throw: Stone             |       |       |     3 |     4 |       |       |       |       ||     7
       Javelin           |       |       |       |       |       |    10 |       |       ||    10
       Tomahawk          |       |       |       |       |       |     8 |     1 |     3 ||    12
 Cast: Infusion          |     2 |    15 |    40 |    81 |       |     5 |     3 |     1 ||   147
       Song of Slaying   |     2 |     4 |    11 |    22 |       |     6 |     2 |       ||    47
       Shroud of Golubri |       |       |       |       |     2 |     5 |     3 |     6 ||    16
       Spectral Weapon   |       |       |       |       |     1 |    23 |    25 |    19 ||    68
       Summon Lightning  |       |       |       |       |       |    80 |    78 |    38 ||   196
       Ozocubu's Armour  |       |       |       |       |       |    19 |    20 |     5 ||    44
       Regeneration      |       |       |       |       |       |     6 |    11 |    16 ||    33
       Blink             |       |       |       |       |       |       |       |     1 ||     1
Invok: Heroism           |       |       |       |    16 |    35 |    25 |    13 |     1 ||    90
       Finesse           |       |       |       |     3 |     2 |     2 |     1 |       ||     8
 Abil: Breathe Fire      |       |       |    12 |    10 |    10 |       |       |     1 ||    33
Evoke: Wand              |       |       |     1 |     3 |       |     4 |     1 |     2 ||    11
  Use: Scroll            |       |     4 |     5 |    10 |    20 |    10 |    13 |    12 ||    74
       Potion            |       |     1 |     3 |       |     1 |     6 |     6 |     9 ||    26
 Stab: Sleeping          |     1 |       |     1 |     1 |    31 |    21 |    18 |    17 ||    90
       Paralysed         |       |       |     9 |     2 |       |       |       |       ||    11
       Distracted        |       |       |     2 |       |     7 |    36 |    52 |     9 ||   106
       Held in net/web   |       |       |       |       |       |     2 |       |       ||     2
  Eat: Chunk             |     1 |    10 |    24 |    34 |    33 |    49 |    61 |    40 ||   252
       Fruit             |       |       |       |     3 |     3 |    35 |       |     1 ||    42
       Meat ration       |       |       |       |       |     1 |       |       |       ||     1
       Royal jelly       |       |       |       |       |       |     1 |       |       ||     1
Armor: Skin              |    22 |    69 |   115 |    80 |   122 |   164 |   105 |   155 ||   832
Dodge: Dodged            |    67 |   160 |   309 |   519 |   834 |  1282 |   853 |   912 ||  4936
